 Dungeon Crawl Stone Soup version 0.30.1-4-g462c640d31 (webtiles) character file.

Game seed: 10184768261323697250

243970 spardeous the Eclecticist (level 18, -10/155 HPs)
             Began as a Demigod Conjurer on Sept 5, 2023.
             Collided with a rock wall (21 damage)
             ... caused by a rakshasa (illusionary)
             ... on level 1 of the Depths.
             The game lasted 02:11:05 (67896 turns).

spardeous the Eclecticist (Demigod Conjurer)       Turns: 67896, Time: 02:11:06

Health: -10/155    AC: 23    Str: 30    XL:     18   Next: 43%
Magic:  12/51      EV: 15    Int: 42    God:
Gold:   490        SH: 15    Dex: 21    Spells: 25/47 levels left

rFire   + + .        m - staff of conjuration
rCold   + . .        b - +2 shield of Resistance {rF++ rC++ Will++}
rNeg    + + .        t - +0 storm dragon scales
rPois   +            C - +2 helmet {Int+3}
rElec   +            M - +1 cloak {Will+}
rCorr   .            S - +2 pair of gloves of the Good {*Slow rN+ Int+5}
SInv    .            P - +2 pair of boots {Stlth+}
Will    ++++.        l - amulet of the acrobat Stlth
                     A - ring of Mewnamua {*Corrode rPois Str+2 Int+6 Dex+7}
HPRegen 0.45/turn    L - ring "Remiugum" {rC- rN+ MP+9 Str+4 Dex+2}
MPRegen 0.32/turn

%: corrode self (3%), slow self (1%), acrobat
@: corroded
A: high MP 1, forlorn, divine attributes
}: 1/15 runes: decaying
a: no special abilities


You were on level 1 of the Depths.
You visited 7 branches of the dungeon, and saw 31 of its levels.
You also visited: Ice Cave.

You collected 3561 gold pieces.
You spent 3071 gold pieces at shops.

Inventory:

Hand Weapons
 p - the +1 falchion of the Forging Seer {flame, rPois rC++}
   (You took it off a hobgoblin on level 3 of the Dungeon)

   rC:        It greatly protects you from cold.
   rPois:     It protects you from poison.
 s - the +5 long sword "Egeiloa" {freeze, rElec Str+3}
   (You took it off a centaur on level 13 of the Dungeon)

   Str:       It affects your strength (+3).
   rElec:     It insulates you from electricity.
 y - a +4 eveningstar of protection
 I - the +5 mace of Disgust {heavy, rC+ rCorr}
   (You found it on level 8 of the Dungeon)

   rC:        It protects you from cold.
   rCorr:     It protects you from acid and corrosion.
Armour
 b - the +2 shield of Resistance (worn) {rF++ rC++ Will++}
   (You bought it in a shop on level 2 of the Orcish Mines)

   rF:        It greatly protects you from fire.
   rC:        It greatly protects you from cold.
   Will:      It greatly increases your willpower.
 t - +0 storm dragon scales (worn)
 C - a +2 helmet of intelligence (worn)
 M - a +1 cloak of willpower (worn)
 P - a +2 pair of boots of stealth (worn)
 S - the +2 pair of gloves of the Good (worn) {*Slow rN+ Int+5}
   (You found it in an ice cave)

   Int:       It affects your intelligence (+5).
   rN:        It protects you from negative energy.
   *Slow:     It may slow you when you take damage.
 T - +0 swamp dragon scales
 W - a +0 pair of gloves
Magical Staves
 m - a staff of conjuration (weapon)
Jewellery
 e - a +4 ring of protection
 l - an amulet of the acrobat (around neck)
 o - a ring of flight
 A - the ring of Mewnamua (left hand) {*Corrode rPois Str+2 Int+6 Dex+7}
   (You found it on level 1 of the Elven Halls)

   [ring of intelligence]

   Str:       It affects your strength (+2).
   Int:       It affects your intelligence (+6).
   Dex:       It affects your dexterity (+7).
   rPois:     It protects you from poison.
   *Corrode:  It may corrode you when you take damage.
 L - the ring "Remiugum" (right hand) {rC- rN+ MP+9 Str+4 Dex+2}
   (You found it on level 13 of the Dungeon)

   [ring of magical power]

   Str:       It affects your strength (+4).
   Dex:       It affects your dexterity (+2).
   rC:        It makes you vulnerable to cold.
   rN:        It protects you from negative energy.
   MP:        It affects your magic capacity (+9).
 N - a ring of ice
 U - an amulet of regeneration
 X - a ring of magical power
Wands
 u - a wand of iceblast (9)
 w - a wand of digging (2)
 F - a wand of flame (31)
 H - a wand of light (17)
 V - a wand of mindburst (5)
Scrolls
 a - 4 scrolls of fear
 c - 9 scrolls of immolation
 g - 7 scrolls of blinking
 h - 8 scrolls of fog
 q - 3 scrolls of teleportation
 r - 2 scrolls of amnesia
 B - 2 scrolls of silence
 D - 2 scrolls of enchant armour
 G - 7 scrolls of magic mapping
 J - 3 scrolls of identify
 K - 3 scrolls of poison
Potions
 d - 20 potions of curing
 f - 2 potions of invisibility
 i - 6 potions of cancellation
 k - 8 potions of ambrosia
 n - 5 potions of lignification
 v - 4 potions of brilliance
 x - 3 potions of mutation
 z - 8 potions of might
 E - 3 potions of resistance
 O - 10 potions of heal wounds
 Q - a potion of flight
 Y - 3 potions of haste
 Z - a potion of berserk rage
Miscellaneous
 j - a lightning rod (4/4)
 R - a phial of floods


   Skills:
 - Level 12.3 Fighting
 + Level 4.9 Maces & Flails
 - Level 10.1 Armour
 - Level 10.2 Dodging
 - Level 1.7 Stealth
 - Level 10.4 Shields
 - Level 15.0 Spellcasting
 - Level 12.0 Conjurations
 - Level 7.4 Necromancy
 - Level 10.2 Translocations
 - Level 6.3 Transmutations
 - Level 6.4 Earth Magic
 - Level 3.4 Poison Magic


You had 25 spell levels left.
You knew the following spells:

 Your Spells              Type           Power      Damage    Failure   Level
a - Magic Dart            Conj           100%       1d8       1%          1
b - Searing Ray           Conj           100%       2d8       1%          2
c - Iskenderun's Mystic   Conj/Tloc      100%       2d19      1%          4
d - Borgnjor's Vile Clut  Necr/Erth      37%        N/A       9%          5
e - Fulminant Prism       Conj/Hex       44%        3d19      4%          4
f - Passwall              Tmut/Erth      59%        N/A       1%          2
r - Olgreb's Toxic Radia  Pois           57%        N/A       14%         4

Your spell library contained the following spells:

 Spells                   Type           Power      Damage    Failure   Level
 Apportation              Tloc           100%       N/A       1%          1
 Beastly Appendage        Tmut           100%       N/A       1%          1
 Necrotise                Necr           100%       1d9       1%          1
 Sandblast                Erth           100%       2d20      1%          1
 Shock                    Conj/Air       100%       1d9       1%          1
 Sting                    Tmut/Pois      100%       1d8       1%          1
 Lesser Beckoning         Tloc           100%       N/A       1%          2
 Sublimation of Blood     Necr           76%        N/A       1%          2
 Wereblood                Tmut           71%        N/A       1%          2
 Dazzling Flash           Conj/Hex       100%       N/A       1%          3
 Gell's Gravitas          Tloc           87%        N/A       1%          3
 Hailstorm                Conj/Ice       89%        3d18      1%          3
 Stone Arrow              Conj/Erth      100%       3d13      1%          3
 Teleport Other           Tloc           87%        N/A       1%          3
 Vampiric Draining        Necr           76%        2d11      1%          3
 Passage of Golubria      Tloc           87%        N/A       1%          4
 Spider Form              Tmut/Pois      64%        N/A       2%          3
 Animate Dead             Necr           76%        N/A       2%          4
 Irradiate                Conj/Tmut      52%        3d29      3%          5
 Poisonous Vapours        Pois/Air       92%        N/A       4%          2
 Petrify                  Tmut/Erth      71%        N/A       4%          4
 Summon Small Mammal      Summ           100%       N/A       5%          1
 Agony                    Necr           76%        N/A       8%          5
 Ensorcelled Hibernation  Hex/Ice        62%        N/A       9%          2
 Anguish                  Hex/Necr       29%        N/A       12%         4
 Arcjolt                  Conj/Air       44%        1d54      13%         5
 Ice Form                 Ice/Tmut       55%        N/A       16%         4
 Call Canine Familiar     Summ           31%        N/A       17%         3
 Summon Guardian Golem    Hex/Summ       31%        N/A       17%         3
 Swiftness                Air            31%        N/A       17%         3
 Alistair's Intoxication  Tmut/Pois      42%        N/A       21%         5
 Death Channel            Necr           38%        N/A       38%         6
 Airstrike                Air            15%        2d(3-19)  50%         4
 Conjure Ball Lightning   Conj/Air       44%        3x3d15    58%         6
 Silence                  Hex/Air        15%        N/A       83%         5
 Simulacrum               Ice/Necr       29%        N/A       88%         6
 Ozocubu's Refrigeration  Ice            15%        4d10      100%        7
 Polar Vortex             Ice            15%        N/A       100%        9


Dungeon Overview and Level Annotations

Branches:
Dungeon (15/15)            Temple (0/1) D:4            Lair (5/5) D:11
  Swamp (4/4) Lair:3       Spider (2/4) Lair:2        Slime (0/5) Lair:5
    Orc (2/2) D:11            Elf (2/3) Orc:2        Vaults (0/5) D:13
 Depths (1/4) D:15          IceCv (visited)

Shops:
Orc:2 *[=(   Elf:1 !!*(   Elf:2 =::

Portals:
Trove: D:11 (give 2 scrolls of acquirement)

Annotations:
D:10 2 runed translucent doors, growler's ghost, journeyman TeAE


Innate Abilities, Weirdness & Mutations

You have an increased reservoir of magic. (+10% MP)
You shall have no god before yourself.
Your divine heritage dramatically boosts your attributes as you level up.


Message History

Confirm with . or Enter, or press ? or * to list all spells.
You feel a surge of power!
You erupt in a blast of force!
The mystic blast hits the ice dragon!!
The ice dragon is almost dead.
The ice dragon is knocked back by the mystic blast.
The mystic blast hits the iron troll but does no damage.
The iron troll is heavily wounded.
The mystic blast hits the ice dragon!!
The ice dragon is severely wounded.
The ice dragon is knocked back by the mystic blast.
The mystic blast hits the stone giant!!
The stone giant is moderately wounded.
The stone giant is knocked back by the mystic blast.
The rakshasa blinks!
You now have 11/51 mp.
Unknown command.
Unknown command.
The ice dragon breathes frost at you. The blast of cold hits you! You resist.
* * * LOW HITPOINT WARNING * * *
Your corrosive artefact corrodes you!
You take 11 damage, and have 44/155 hp.
Unknown command.
Blink to where?
Press: ? - help, Dir - move target
As you read the scroll of blinking, it crumbles to dust.
The ice dragon barely misses you. The ice dragon closely misses you.
You block the ice dragon's attack. The ice dragon breathes frost at you.
The blast of cold hits the ice dragon!
The ice dragon resists.
The blast of cold hits you!! You resist.
* * * LOW HITPOINT WARNING * * *
You take 20 damage, and have 24/155 hp.
The iron troll looks more healthy.
The rakshasa blinks!
The rakshasa gestures at you. The lance of force hits you!
* * * LOW HITPOINT WARNING * * *
You are knocked back by the lance of force.
You slam into the rock wall!
You die...

...........
##.......... .
###...........
..#.............
.......§..R.....
.......T........
......DD........
....DRCD........
..#..§†@##......
........# #.....
..##.)... .....
.......... .....
........... ..
............
.............
..............


You could see 4 ice dragons, an iron troll, a stone giant and 2 rakshasas.

Vanquished Creatures
  Mara (Swamp:3)
  Nikola (Swamp:3)
  Rupert (D:12)
  Jorgrun (D:12)
  Frances (D:13)
  A sphinx (shapeshifter) (D:13)
  A thorn hunter (Swamp:2)
  Kirke (Spider:1)
  Agnes (Spider:1)
  A storm dragon (Elf:1)
  A rockslime (IceCv)
  An emperor scorpion (Spider:1)
  A fenstrider witch (Swamp:2)
  Aizul (Swamp:3)
  4 azure jellies
  A fire giant (Depths:1)
  A deep elf sorcerer (Elf:2)
  An orc warlord (Orc:2)
  Louise (Swamp:4)
  5 very ugly things
  4 quicksilver oozes (IceCv)
  A stone giant (D:15)
  4 eleionomae
  3 bunyips
  A deep elf demonologist (Elf:1)
  2 deep elf annihilators (Elf:1)
  The ghost of SirLogeyBear the Severer, a journeyman HOBe of Trog (D:12)
  2 ettins
  A deep elf death mage (Elf:1)
  3 shambling mangroves
  An ice dragon (Lair:5)
  The ghost of Taurus the Severer, a journeyman MiFi of the Shining One (D:11)
  Fannar (D:11)
  2 entropy weavers (Spider:1)
  23 hydras
  Harold (D:9)
  An ogre mage (D:15)
  A radroach (Spider:1)
  A ghost crab (Swamp:2)
  2 spriggan air magi
  9 boulder beetles
  A boulder beetle (shapeshifter) (Depths:1)
  A deep troll earth mage (Depths:1)
  5 two-headed ogres
  Erica (D:11)
  8 alligators
  4 centaur warriors
  2 deep troll shamans (Depths:1)
  31 dancing weapons
  5 tengu warriors
  A spriggan berserker (Swamp:4)
  2 orc high priests (Orc:2)
  15 deep elf knights
  Nergalle (D:12)
  Urug (Lair:5)
  An iron troll (Depths:1)
  A sun moth (Spider:1)
  15 skeletal warriors
  3 pharaoh ants (Spider:1)
  6 deep trolls (Depths:1)
  3 goliath frogs
  3 skysharks
  4 spriggan druids
  8 bog bodies
  3 orange crystal statues (IceCv)
  A glowing orange brain (D:13)
  15 swamp dragons
  7 deep elf archers
  4 lindwurms
  2 wizards (Elf:1)
  A necromancer (D:13)
  10 deep elf pyromancers
  5 orc knights
  11 wolf spiders
  23 deep elf zephyrmancers
  A steelbarb worm (Spider:1)
  7 cyclopes
  32 ugly things
  2 will-o-the-wisps
  4 orc sorcerers (Orc:2)
  2 manticores
  3 black mambas
  Maurice (D:8)
  An elephant (Lair:3)
  2 demonic crawlers
  2 gargoyles
  10 torpor snails
  Maggie (D:8)
  12 cane toads
  An unseen horror (D:13)
  14 komodo dragons
  3 freezing wraiths
  Psyche (D:8)
  A rime drake (Lair:3)
  A tengu conjurer (D:14)
  A yaktaur (D:15)
  3 trolls
  A meliai (Lair:2)
  A queen bee (D:11)
  19 hornets
  A bloated husk (Swamp:1)
  10 polar bears (Lair:5)
  14 tyrant leeches
  11 tarantellas
  21 blink frogs
  A raiju (Lair:5)
  2 shadows
  29 slime creatures
  21 jumping spiders
  9 spriggans
  3 wraiths
  6 air elementals (Elf:1)
  9 culicivoras
  4 wyverns
  A centaur simulacrum (D:14)
  3 basilisks
  47 yaks
  3 water elementals
  4 hogs (Spider:1)
  28 redbacks
  8 fire elementals
  2 steam dragons (D:9)
  3 vampire mosquitoes (Swamp:1)
  13 wargs
  14 swamp worms
  3 acid dragons
  14 hell hounds (Lair:5)
  19 water moccasins
  10 swamp drakes
  7 great orb of eyes simulacra (IceCv)
  40 orc warriors
  16 black bears
  4 sky beasts
  2 ice beasts (D:7)
  16 ogres
  17 centaurs
  26 wolves (Lair:5)
  A phantom (D:4)
  4 slime creature simulacra (IceCv)
  4 kobold brigands
  Blork the orc (D:6)
  5 scorpions
  12 bullfrogs
  2 earth elementals (Elf:1)
  3 glowing shapeshifter simulacra (IceCv)
  5 wights (D:8)
  14 killer bees
  5 howler monkeys
  6 hounds
  14 orc priests
  3 gnoll boudas
  4 jellies
  An iguana (D:5)
  Ijyb (D:3)
  25 orc wizards
  A sleepcap (D:5)
  12 hell rats
  Robin (D:3)
  16 gnolls
  6 adders
  3 white imps
  2 worms
  3 dart slugs
  102 orcs
  5 ball pythons
  6 bats
  6 endoplasms
  3 giant cockroaches
  7 goblins
  12 hobgoblins
  3 jackals (D:5)
  18 kobolds
  7 quokkas
  2 training dummies (D:7)
  6 rats
1194 creatures vanquished.

Vanquished Creatures (others)
  A deep elf knight (Elf:2)
  A deep elf pyromancer (Elf:1)
  An orc wizard (D:6)
  4 foxfires (Swamp:4)
  22 fulminant prisms
29 creatures vanquished.

Grand Total: 1223 creatures vanquished

Notes
Turn   | Place    | Note
-------+----------+-------------------------------------------
     0 | D:1      | spardeous the Demigod Conjurer began the quest for the Orb.
     0 | D:1      | Reached XP level 1. HP: 14/14 MP: 5/5
   404 | D:1      | Reached skill level 2 in Spellcasting
   604 | D:1      | Reached XP level 2. HP: 20/20 MP: 5/7
   607 | D:1      | Learned a level 2 spell: Searing Ray
  1844 | D:2      | Reached XP level 3. HP: 26/26 MP: 6/9
  2581 | D:3      | HP: 1/26 [orc wizard/puff of flame (11)]
  2584 | D:3      | Reached skill level 3 in Spellcasting
  2584 | D:3      | Reached XP level 4. HP: 2/33 MP: 1/11
  2884 | D:3      | Learned a level 4 spell: Iskenderun's Mystic Blast
  3024 | D:3      | Noticed Ijyb
  3078 | D:3      | Killed Ijyb
  3242 | D:3      | Noticed Robin
  3247 | D:3      | Killed Robin
  3320 | D:3      | Reached XP level 5. HP: 38/38 MP: 11/13
  3349 | D:3      | Identified the +1 falchion of the Forging Seer {flame,
                  | rPois rC++}
  3382 | D:3      | Reached skill level 5 in Conjurations
  4443 | D:4      | Noticed a black bear
  4455 | D:4      | Killed a black bear
  4456 | D:4      | Reached skill level 4 in Spellcasting
  4696 | D:4      | Noticed an ogre
  4707 | D:4      | Reached XP level 6. HP: 45/45 MP: 15/15
  4803 | D:4      | Found a staircase to the Ecumenical Temple.
  5437 | D:5      | Entered Level 5 of the Dungeon
  5701 | D:5      | Reached XP level 7. HP: 45/50 MP: 17/17
  5704 | D:5      | Reached skill level 5 in Spellcasting
  6297 | D:5      | Reached skill level 6 in Spellcasting
  6359 | D:5      | Reached XP level 8. HP: 57/57 MP: 20/20
  7620 | D:6      | Reached skill level 1 in Translocations
  8053 | D:6      | You fall into a shaft and drop 3 floors!
  8288 | D:9      | Noticed a red ugly thing
  8539 | D:8      | Noticed Psyche
  8651 | D:7      | Reached XP level 9. HP: 62/62 MP: 23/23
  8798 | D:7      | Reached skill level 5 in Translocations
  8981 | D:7      | Learned a level 5 spell: Borgnjor's Vile Clutch
  8986 | D:7      | Learned a level 4 spell: Fulminant Prism
  8989 | D:7      | Learned a level 2 spell: Passwall
  9031 | D:7      | Noticed a balrug
  9954 | D:6      | Noticed Blork the orc
  9980 | D:6      | Killed Blork the orc
  9981 | D:6      | Reached skill level 7 in Spellcasting
 10737 | D:8      | Identified the +5 mace of Disgust {heavy, rC+ rCorr}
 11337 | D:8      | Noticed a cyclops
 11342 | D:8      | Noticed a tengu warrior
 11345 | D:8      | Killed a cyclops
 11346 | D:8      | Reached skill level 8 in Spellcasting
 11636 | D:8      | Reached XP level 10. HP: 63/69 MP: 22/26
 12222 | D:8      | Noticed Maurice
 12239 | D:8      | Killed Maurice
 12406 | D:8      | Reached skill level 10 in Conjurations
 12543 | D:8      | Killed Psyche
 12544 | D:8      | Reached skill level 9 in Spellcasting
 12692 | D:8      | Noticed Maggie
 12698 | D:8      | Noticed a boulder beetle
 12701 | D:8      | Killed Maggie
 12879 | D:8      | Killed a tengu warrior
 12880 | D:8      | Reached skill level 10 in Spellcasting
 13507 | D:9      | Reached skill level 1 in Necromancy
 13591 | D:9      | Killed a red ugly thing
 13903 | D:9      | Noticed a two-headed ogre
 13915 | D:9      | Killed a two-headed ogre
 14086 | D:9      | Noticed Harold
 14132 | D:9      | Killed Harold
 14133 | D:9      | Reached XP level 11. HP: 74/74 MP: 4/29
 14705 | D:10     | Entered Level 10 of the Dungeon
 14848 | D:10     | Noticed a two-headed ogre
 14862 | D:10     | Killed a two-headed ogre
 15564 | D:10     | Reached skill level 5 in Earth Magic
 15756 | D:10     | Found a runed translucent door.
 15762 | D:10     | Noticed a boulder beetle
 15762 | D:10     | Noticed a necromancer
 15762 | D:10     | Noticed a deep elf zephyrmancer
 15763 | D:10     | Noticed a lich
 15891 | D:10     | Found a runed translucent door.
 15894 | D:10     | Noticed a skyshark
 15898 | D:10     | Noticed growler's ghost (journeyman TeAE)
 15935 | D:10     | Identified the +10 halberd "Ducora Cecs" {flame, rPois
                  | Will- rCorr Stlth+}
 16485 | D:11     | Found a portal to a secret trove of treasure.
 17030 | D:11     | Noticed Erica
 17048 | D:11     | Killed Erica
 17305 | D:11     | Found a transporter.
 17305 | D:11     | Found a transporter.
 17308 | D:11     | Noticed Taurus's ghost (journeyman MiFi)
 17661 | D:11     | Noticed Fannar
 17680 | D:11     | Killed Fannar
 17986 | D:11     | Found a staircase to the Orcish Mines.
 18027 | D:11     | Found a staircase to the Lair.
 18522 | D:11     | Found a portal to a secret trove of treasure.
 18674 | D:11     | Found a staircase to the Orcish Mines.
 18712 | D:11     | Found a staircase to the Lair.
 19089 | D:11     | Found a transporter.
 19094 | D:11     | Found a transporter.
 19236 | D:12     | Noticed Rupert
 19254 | D:12     | Killed Rupert
 19255 | D:12     | Reached skill level 10 in Translocations
 19380 | D:12     | Noticed a skeletal warrior
 19383 | D:12     | Noticed a skeletal warrior
 19405 | D:12     | Killed a skeletal warrior
 19406 | D:12     | Reached XP level 12. HP: 63/81 MP: 13/30
 20264 | D:12     | Noticed SirLogeyBear's ghost (journeyman HOBe)
 20268 | D:12     | Found a runed translucent door.
 20390 | D:12     | Reached skill level 11 in Spellcasting
 20600 | D:12     | Noticed Nergalle
 20607 | D:12     | Killed Nergalle
 21171 | D:12     | Noticed Jorgrun
 21194 | D:12     | Killed Jorgrun
 21195 | D:12     | Reached skill level 12 in Spellcasting
 21568 | D:11     | Killed Taurus's ghost
 21672 | D:11     | Identified the +7 flail "Vixearu" {drain, Str+4}
 22450 | D:8      | Killed a boulder beetle
 23551 | D:12     | Killed SirLogeyBear's ghost
 23976 | D:13     | Noticed Frances
 24077 | D:13     | Noticed a centaur warrior
 24330 | D:13     | Killed a centaur warrior
 24542 | D:13     | Reached skill level 13 in Spellcasting
 24652 | D:13     | Found a gate to the Vaults.
 24655 | D:13     | Found a transporter.
 24735 | D:13     | Noticed a seven-headed hydra
 24756 | D:13     | Killed a seven-headed hydra
 24757 | D:13     | Reached skill level 1 in Armour
 24939 | D:13     | Noticed an azure jelly
 25119 | D:13     | Noticed a boulder beetle
 25158 | D:13     | Killed a boulder beetle
 25547 | Lair:1   | Entered Level 1 of the Lair of Beasts
 25580 | Lair:1   | Reached XP level 13. HP: 86/86 MP: 6/35
 25873 | Lair:1   | Reached skill level 5 in Armour
 26362 | Lair:1   | Reached skill level 1 in Fighting
 27783 | D:13     | Found a transporter.
 27812 | D:13     | Killed an azure jelly
 27826 | D:13     | Identified the ring "Remiugum" {rC- rN+ MP+9 Str+4 Dex+2}
 28214 | Lair:2   | Reached skill level 5 in Fighting
 28410 | Lair:2   | Found a hole to the Spider Nest.
 29572 | Lair:2   | Found a hole to the Spider Nest.
 30686 | Lair:3   | Found a staircase to the Swamp.
 30761 | Lair:3   | You fall into a shaft and drop 2 floors!
 30761 | Lair:5   | Entered Level 5 of the Lair of Beasts
 31042 | Lair:5   | Identified the +5 quarterstaff of the End of Times {holy,
                  | *Noise rPois rN++}
 31171 | Lair:5   | Noticed Urug
 31178 | Lair:5   | Killed Urug
 31181 | Lair:5   | Reached XP level 14. HP: 90/107 MP: 20/36
 31184 | Lair:5   | Reached skill level 10 in Armour
 31783 | Lair:5   | Found a staircase to the Slime Pits.
 32056 | Lair:5   | Found a runed translucent door.
 32109 | Lair:5   | Reached skill level 5 in Dodging
 33887 | Lair:5   | Found a staircase to the Slime Pits.
 38120 | Lair:3   | Found a staircase to the Swamp.
 38806 | Lair:5   | Learned a level 5 spell: Alistair's Intoxication
 38956 | Orc:1    | Entered Level 1 of the Orcish Mines
 39096 | Orc:2    | Entered Level 2 of the Orcish Mines
 39210 | Orc:2    | Found Lahaics's Antique Weapon Shop.
 39611 | Orc:2    | Reached skill level 10 in Dodging
 39707 | Orc:2    | Found Rups's Jewellery Shop.
 40013 | Orc:2    | Found Onuidof's Antique Armour Shop.
 40021 | Orc:2    | Bought a glowing helmet for 292 gold pieces
 40054 | Orc:2    | Found a staircase to the Elven Halls.
 40132 | Orc:2    | Reached skill level 1 in Shields
 40136 | Orc:2    | Noticed an orc warlord
 40202 | Orc:2    | Killed an orc warlord
 40355 | Orc:2    | Found Colyps's General Store.
 40609 | Orc:1    | Reached XP level 15. HP: 113/113 MP: 27/37
 40969 | D:13     | Identified the +5 long sword "Egeiloa" {freeze, rElec
                  | Str+3}
 41169 | D:13     | Killed Frances
 41565 | D:13     | Found a transporter.
 41573 | D:13     | Found a gate to the Vaults.
 41731 | D:13     | Noticed a sphinx
 41751 | D:13     | Killed a sphinx
 41752 | D:13     | Reached skill level 5 in Shields
 42207 | D:13     | Found a transporter.
 42375 | D:14     | Reached skill level 5 in Necromancy
 42386 | D:14     | Learned a level 4 spell: Olgreb's Toxic Radiance
 42507 | D:14     | Reached skill level 1 in Poison Magic
 43280 | D:15     | Entered Level 15 of the Dungeon
 43737 | D:15     | Found a frozen archway.
 44018 | IceCv    | Entered an ice cave
 45202 | IceCv    | Reached skill level 10 in Fighting
 45340 | IceCv    | Noticed a rockslime
 45398 | IceCv    | Noticed an azure jelly
 45406 | IceCv    | Killed an azure jelly
 45474 | IceCv    | Killed a rockslime
 45609 | IceCv    | Noticed an azure jelly
 45611 | IceCv    | Noticed an azure jelly
 45620 | IceCv    | Killed an azure jelly
 45626 | IceCv    | Killed an azure jelly
 45746 | IceCv    | Identified the +2 pair of gloves of the Good {*Slow rN+
                  | Int+5}
 45922 | D:15     | Reached XP level 16. HP: 83/136 MP: 18/38
 46606 | D:15     | Found a staircase to the Depths.
 46975 | Orc:2    | Bought a scroll of identify for 30 gold pieces
 47140 | Swamp:1  | Entered Level 1 of the Swamp
 48937 | Swamp:1  | Paralysed by a hornet for 3 turns
 51414 | Swamp:3  | Noticed Mara
 51439 | Swamp:3  | Noticed spardeous's illusion
 51443 | Swamp:3  | Killed Mara
 51462 | Swamp:3  | Reached skill level 10 in Shields
 51608 | Swamp:3  | Noticed Aizul
 51623 | Swamp:3  | Killed Aizul
 52672 | Elf:1    | Entered Level 1 of the Elven Halls
 52895 | Elf:1    | Paralysed by an air elemental for 1 turns
 53340 | Elf:1    | Paralysed by an air elemental for 1 turns
 53680 | Elf:1    | Found Pucukkik's Distillery.
 53705 | Elf:1    | Found Luyts's Weapon Emporium.
 53705 | Elf:1    | Found Vuucvo's Distillery.
 53710 | Elf:1    | Found Payxedefo's Assorted Antiques.
 54078 | Elf:1    | Got Ts'ui Pên's Encyclopedia of Forking Paths
 54085 | Elf:1    | Got the Grimoire of Combed Thunderclap
 54450 | Orc:2    | Bought the +2 shield of Resistance {rF++ rC++ Will++} for
                  | 2749 gold pieces
 54450 | Orc:2    | Found the +2 shield of Resistance {rF++ rC++ Will++}
 54571 | Elf:1    | Got the Papyrus of Sand
 54752 | Elf:1    | Identified the ring of Mewnamua {*Corrode rPois Str+2 Int+6
                  | Dex+7}
 56302 | Elf:2    | Reached XP level 17. HP: 144/144 MP: 39/39
 57640 | Elf:2    | Found a runed translucent gate.
 57640 | Elf:2    | Found a runed translucent gate.
 57643 | Elf:2    | Found a runed translucent gate.
 57787 | Elf:2    | Found Riesm's Jewellery Boutique.
 57787 | Elf:2    | Found Yfilidgheupt's Book Shoppe.
 57788 | Elf:2    | Found Zajedown's Book Shoppe.
 58998 | Elf:2    | Reached skill level 1 in Transmutations
 60255 | Elf:2    | Found Riesm's Jewellery Boutique.
 60255 | Elf:2    | Found Zajedown's Book Shoppe.
 60256 | Elf:2    | Found Yfilidgheupt's Book Shoppe.
 60716 | Swamp:3  | Noticed Nikola
 60740 | Swamp:3  | Killed Nikola
 60741 | Swamp:3  | Reached skill level 5 in Transmutations
 61766 | Swamp:4  | Entered Level 4 of the Swamp
 63478 | Swamp:4  | Got a decaying rune of Zot
 64050 | Swamp:4  | Noticed Louise
 64063 | Swamp:4  | Killed Louise
 65035 | Spider:1 | Entered Level 1 of the Spider Nest
 65035 | Spider:1 | Noticed Kirke
 65043 | Spider:1 | Killed Kirke
 65044 | Spider:1 | Reached skill level 14 in Spellcasting
 65044 | Spider:1 | Reached XP level 18. HP: 153/155 MP: 19/41
 66247 | Spider:1 | Noticed Agnes
 66260 | Spider:1 | Killed Agnes
 67211 | Spider:2 | Reached skill level 15 in Spellcasting
 67224 | Spider:2 | Reached skill level 1 in Maces & Flails
 67747 | Depths:1 | Entered Level 1 of the Depths
 67896 | Depths:1 | Collided with a rock wall

Illustrated notes

Levels and vault maps discovered:
D:1:      dpeg_arrival_line_fractal, layout_loops_corners,
          hangedman_feature_mirror, minmay_misc_feat_tiny
D:2:      layout_basic, minivault_27
D:3:      layout_basic, hellmonk_ecumenical_altar_arch_garden,
          nicolae_goblin_pals
D:4:      layout_basic, minmay_temple_entry_junction, uniq_ijyb
D:5:      minmay_bubble_buster, layout_basic,
          eino_small_chamber_without_monster, minmay_misc_feat_x,
          minmay_ruined_shrine
D:6:      layout_rooms, uniq_blork_the_orc
D:7:      dreamdust_elfheim, layout_cave_pods, makhleb_altar_promises_db
D:8:      minmay_quarter_circles, layout_loops_corners,
          palyth_temple_overflow_mages, corexii_hall_statues_x, kennysheep_dice,
          uniq_maggie, uniq_maurice, uniq_psyche
D:9:      layout_rooms, the_hattery, uniq_harold
D:10:     layout_roguey [special_room_orc], muffindrake_ghost_dual_entry
D:11:     layout_stronghold, grunt_lair_entry_orc_guard_hut, david_orc_4,
          nicolae_trove_entry_crossroad, gammafunk_ghost_hive,
          minmay_misc_feat_encased, nicolae_ashenzari_skybound, uniq_erica,
          uniq_fannar
D:12:     layout_roguey, hellmonk_ghost_happy_afterlife, uniq_nergalle,
          uniq_jorgrun, uniq_rupert
D:13:     gammafunk_jiyva_shrine, layout_irregular_city, david_vaults_1,
          hangedman_decor_opposing, kiku_gazebo_pond_becter, uniq_frances
D:14:     layout_rooms, grunt_qazlal_clouds, zin_statuary
D:15:     grunt_enter_depths_snipers, layout_gridville,
          portal_ice_cave_entry_ugly_swarm
Lair:1:   layout_long_grid, nzn_sisyphean_effort
Lair:2:   layout_roguey, hellmonk_spider_entry_not_the_bees, grunt_megastairs_3
Lair:3:   nzn_winding_woodlands_stair_trap
          [nzn_winding_woodlands_5x15_concentric,
          nzn_winding_woodlands_5x15_sidewinder,
          nzn_winding_woodlands_5x15_pool,
          nzn_winding_woodlands_15x15_five_gardens,
          nzn_winding_woodlands_5x15_cabin, nzn_winding_woodlands_5x15_sawtooth,
          nzn_winding_woodlands_5x15_zeroes], layout_misc_corridors,
          skrybe_swamp_entry_bodies
Lair:4:   layout_layer_cave, basic_altar
Lair:5:   hangedman_lair_caniforms_friends, layout_regular_city, wormcave,
          slime_entry_1, uniq_urug
Swamp:1:  layout_basic_swamp, evilmike_swamp_ruin_rubble_1, swamp_pool2
Swamp:2:  layout_basic_swamp, nicolae_swamp_trees_clearing, swamp_pool1
Swamp:3:  layout_basic_swamp, evilmike_swamp_ruin_house_2, uniq_aizul,
          uniq_nikola, uniq_mara
Swamp:4:  swamp_alternative, layout_basic_swamp, infiniplex_staircase_pool,
          uniq_louise
Spider:1: layout_spider_delve, drop_trap, uniq_kirke, uniq_agnes
Spider:2: layout_spider_delve
Orc:1:    layout_caves
Orc:2:    grunt_orc_gardens, layout_diamond_mine, grunt_orc_garden,
          grunt_orc_garden, grunt_orc_garden, grunt_orc_garden
Elf:1:    minmay_shoctagon, layout_geoelf_grid, evilmike_minifort,
          bh_hangedman_babel_library, minmay_shoptagon
Elf:2:    nicolae_elf_blades_splatter_lattice [nicolae_blade_lattice],
          layout_loops_ring, minmay_shop_grove
Depths:1: layout_cave_pools, pf_vacation_house_of_asmodeus, serial_shops, shop,
          moated_statue, kennysheep_generic_room_15, uniq_asterion

Skill      XL: |  1  2  3  4  5  6  7  8  9 10 11 12 13 14 15 16 17 18 |
---------------+-------------------------------------------------------+-----
Spellcasting   | 2 3 4 6 8 10 13 14 15 | 15.0
Conjurations   | 4 5 6 7 8 9 10 11 12 | 12.0
Translocations | 4 6 10 | 10.2
Necromancy     | 4 5 7 |  7.4
Earth Magic    | 2 5 6 |  6.4
Armour         | 3 9 10 | 10.1
Fighting       | 5 10 11 12 | 12.3
Dodging        | 10 | 10.2
Shields        | 4 5 10 | 10.4
Poison Magic   | 3 |  3.4
Transmutations | 6 |  6.3
Maces & Flails | 4 |  4.9
Stealth        | |  1.7

Action                     |  1- 3 |  4- 6 |  7- 9 | 10-12 | 13-15 | 16-18 || total
---------------------------+-------+-------+-------+-------+-------+-------++-------
  Melee: Unarmed           |     4 |       |       |       |       |       ||     4
         Falchion          |       |       |       |    25 |    23 |    37 ||    85
         Punch             |       |       |       |     1 |       |       ||     1
         Staff             |       |       |       |       |    51 |    51 ||   102
         Eveningstar       |       |       |       |       |       |    11 ||    11
   Cast: Magic Dart        |    72 |    96 |    41 |    10 |     6 |     2 ||   227
         Searing Ray       |     3 |    19 |    78 |    26 |       |       ||   126
         Iskenderun's Myst |       |       |    32 |   379 |   659 |   596 ||  1666
         Fulminant Prism   |       |       |       |     4 |     7 |    11 ||    22
         Borgnjor's Vile C |       |       |       |     3 |    16 |    59 ||    78
         Olgreb's Toxic Ra |       |       |       |       |     7 |   150 ||   157
  Evoke: Wand              |       |       |       |       |       |     2 ||     2
    Use: Scroll            |       |       |       |    14 |     8 |    18 ||    40
         Potion            |       |       |       |     2 |     2 |     8 ||    12
 Armour: Robe              |     3 |       |       |       |       |       ||     3
         Ring mail         |       |     7 |    25 |     7 |       |       ||    39
         Steam dragon scal |       |       |       |    40 |    98 |    15 ||   153
         Ice dragon scales |       |       |       |       |    10 |       ||    10
         Swamp dragon scal |       |       |       |       |       |    96 ||    96
         Storm dragon scal |       |       |       |       |       |   142 ||   142
  Dodge: Dodged            |     5 |    33 |   109 |   192 |   406 |   417 ||  1162
  Block: Buckler           |       |       |       |       |    24 |    46 ||    70
         Kite shield       |       |       |       |       |       |   248 ||   248
